AoeStats
← bpaquereau

Arena

510016496Analyzed
4v4 RM · 4d ago on Sep 29, 2026· 45m 17s· 8 players
Game mode
Random Map
Map size
Large (8 player)
Population
200
Speed
Normal
Resources
Standard
Victory
Conquest
Starting age
Dark Age
Ending age
Imperial Age
RankedLock teamsTeams togetherTeam positionsShared explorationLock speedFull tech treeHidden civsTurbo modeCheats
Victory
Defeat
🇸🇪 Teutons · Sweden
1211
+13
🇫🇷 Tupi · France
1157
+15
🇺🇸 Khmer · United States
1136
+16
🇺🇸 Romans · United States
1032
+20
🇫🇷 Japanese · France
1154
-17
🇹🇼 Slavs · Taiwan
1148
-17
🇬🇧 Sicilians · United Kingdom
1121
-15
🇹🇼 Britons · Taiwan
1115
-15
bbu913
0:41 Loom
10:42 Feudal Age
15:04 Castle Age
13:24 Double-Bit Axe
13:25 Horse Collar
16:26 Bow Saw
24:32 Town Watch
25:23 Wheelbarrow
27:01 Scale Mail Armor
26:54 Stone Mining
29:53 Imperial Age
27:20 Gold Mining
27:53 Squires
28:12 Heavy Plow
29:06 Gold Shaft Mining
29:37 Hand Cart
30:46 Forging
30:14 Onager
31:29 Conscription
31:32 Pikeman
33:17 Iron Casting
32:04 Halberdier
34:01 Two-Man Saw
32:42 Light Cavalry
32:50 Man-at-Arms
33:51 Scale Barding Armor
34:06 Fortified Wall
34:17 Ballistics
34:25 Druzhina
34:48 Bloodlines
34:38 Husbandry
35:43 Blast Furnace
35:50 Chain Mail Armor
36:13 Siege Engineers
36:33 Masonry
37:07 Plate Mail Armor
36:58 Chain Barding Armor
37:13 Hussar
37:16 Long Swordsman
38:41 Crop Rotation
39:29 Chemistry
38:41 Detinets
39:32 Plate Barding Armor
38:50 Fletching
Bruvshire
3:18 Loom
10:57 Feudal Age
12:10 Horse Collar
14:23 Fletching
22:55 Castle Age
22:09 Scale Mail Armor
22:36 Forging
23:54 Bodkin Arrow
24:42 Squires
26:18 Double-Bit Axe
27:21 Ballistics
27:00 Gold Mining
27:49 Bow Saw
29:27 Masonry
30:00 Iron Casting
29:42 Chain Mail Armor
29:59 Pikeman
34:43 Heavy Plow
38:32 Imperial Age
36:40 Iron Casting
37:41 Wheelbarrow
37:41 Town Watch
39:00 Stone Mining
39:44 Conscription
39:55 Arson
40:25 Elite Serjeant
41:39 Arrowslits
41:58 Bracer
43:39 Plate Mail Armor
43:06 Halberdier
jameskobecp6
10:17 Feudal Age
10:57 Horse Collar
11:04 Double-Bit Axe
18:12 Castle Age
16:07 Stone Mining
18:57 Heavy Plow
19:09 Bow Saw
19:13 Gold Mining
24:10 Gold Shaft Mining
30:41 Imperial Age
28:27 Fletching
29:27 Bodkin Arrow
29:33 Padded Archer Armor
30:46 Ballistics
31:59 Conscription
32:14 Conscription
31:15 Elite Longbowman
32:15 Yeomen
32:05 Bracer
32:20 Leather Archer Armor
34:22 Chemistry
35:40 Ring Archer Armor
36:28 Pikeman
37:09 Squires
36:55 Arson
36:55 Gambesons
37:15 Scale Mail Armor
37:25 Forging
37:02 Halberdier
bpaquereau
10:26 Feudal Age
14:33 Castle Age
12:56 Double-Bit Axe
13:54 Horse Collar
16:58 Bow Saw
20:40 Heavy Plow
22:04 Wheelbarrow
22:44 Stone Mining
23:38 Gold Mining
24:24 Hand Cart
26:00 Treadmill Crane
27:47 Gold Shaft Mining
27:01 Town Watch
28:45 Guard Tower
31:42 Imperial Age
29:56 Ballistics
29:47 Fortified Wall
31:07 Fletching
30:57 Pikeman
31:38 Squires
31:23 Arson
31:41 Scale Mail Armor
31:52 Forging
32:12 Bodkin Arrow
33:13 Keep
33:39 Chemistry
34:01 Two-Man Saw
33:01 Halberdier
34:34 Iron Casting
34:05 Bracer
35:03 Yasama
34:53 Arrowslits
35:20 Masonry
37:05 Chain Mail Armor
37:51 Blast Furnace
37:00 Siege Engineers
38:22 Conscription
38:13 Onager
小虾米
0:27 Loom
12:16 Feudal Age
12:47 Double-Bit Axe
18:05 Castle Age
15:54 Horse Collar
17:52 Wheelbarrow
17:41 Stone Mining
18:56 Bow Saw
19:41 Heavy Plow
23:22 Gold Mining
25:49 Gold Shaft Mining
26:46 Hand Cart
31:53 Imperial Age
30:07 Scale Mail Armor
30:17 Forging
30:08 Murder Holes
29:53 Man-at-Arms
29:54 Pikeman
30:35 Squires
31:07 Long Swordsman
32:05 Chain Mail Armor
32:25 Iron Casting
32:09 Legionary
32:10 Halberdier
32:14 Capped Ram
33:54 Siege Ram
35:37 Blast Furnace
帝国小菜鸡
10:32 Feudal Age
13:36 Castle Age
11:34 Double-Bit Axe
15:36 Bow Saw
15:16 Horse Collar
17:23 Wheelbarrow
21:21 Heavy Plow
22:29 Hand Cart
22:12 Gold Mining
22:59 Stone Mining
24:37 Gold Shaft Mining
24:41 Stone Shaft Mining
24:15 Loom
24:22 Town Watch
28:58 Imperial Age
26:36 Scale Barding Armor
26:44 Forging
26:55 Fletching
28:09 Chain Barding Armor
28:46 Ballistics
28:21 Murder Holes
28:37 Fortified Wall
28:42 Husbandry
28:53 Bloodlines
30:17 Plate Barding Armor
30:26 Iron Casting
29:18 Light Cavalry
30:09 Bodkin Arrow
30:54 Crop Rotation
30:47 Conscription
30:07 Hussar
33:27 Blast Furnace
32:29 Double Crossbow
32:33 Heavy Scorpion
33:15 Bracer
35:09 Chemistry
34:17 Siege Engineers
Mirshal
6:36 Loom
10:39 Feudal Age
17:20 Fletching
20:20 Double-Bit Axe
24:22 Horse Collar
28:08 Castle Age
27:03 Gold Mining
27:03 Stone Mining
29:31 Bodkin Arrow
30:30 Padded Archer Armor
32:37 Leather Archer Armor
34:33 Wheelbarrow
38:22 Imperial Age
37:03 Hand Cart
39:07 Bracer
39:43 Ballistics
40:26 Ring Archer Armor
41:42 Chemistry
42:00 Bow Saw
41:51 Heavy Plow
43:16 Elite Blackwood Archer
46:30 Two-Man Saw
46:05 Gold Shaft Mining
The Outpost Man
12:12 Feudal Age
13:25 Double-Bit Axe
17:07 Castle Age
15:00 Gold Mining
15:03 Stone Mining
15:50 Loom
16:41 Wheelbarrow
18:14 Bow Saw
17:49 Horse Collar
18:42 Heavy Plow
19:52 Hand Cart
27:38 Scale Mail Armor
28:27 Forging
29:03 Squires
28:49 Arson
29:32 Chain Mail Armor
34:18 Imperial Age
33:36 Ballistics
33:27 Fortified Wall
33:57 Stone Shaft Mining
35:08 Iron Casting
34:24 Fletching
35:14 Ironclad
36:18 Chemistry
35:04 Elite Skirmisher
35:46 Padded Archer Armor
36:33 Bodkin Arrow
37:05 Crenellations
37:06 Conscription
37:48 Leather Archer Armor
37:21 Elite Teutonic Knight
39:18 Ring Archer Armor
42:12 Plate Mail Armor
43:01 Blast Furnace
Connection lost

Rejoining the realm…

Still unreachable

The connection could not be restored.

Session expired

The server has moved on; the page needs a fresh start.